PBL
NEW YORK METS @ PHILADELPHIA PHILLIES
03/22/2071
 
TOP OF THE 1ST
New York Mets batting - Pitching for Philadelphia Phillies : RHP Howard Titcomb
Pitching: RHP Howard Titcomb
Batting: RHB David López 0-0: Foul Ball, location: 9LSF
0-1: Ball
1-1: Ball
2-1: SINGLE (Line Drive, 34D, EV 105.0 MPH)
Batting: LHB Gustavo Costello 0-0: Ball
David López steals 2nd base (no throw)
1-0: Called Strike
1-1: Foul Ball, location: 3F
1-2: Strikes out looking
Batting: RHB Rich Stairs 0-0: Fly out, F4 (Line Drive, 4D, EV 71.9 MPH)
Batting: LHB Bob Mack 0-0: Ball
1-0: Swinging Strike
1-1: Swinging Strike
1-2: Strikes out looking
Top of the 1st over - 0 runs, 1 hit, 0 errors, 1 left on base; New York 0 - Philadelphia 0
BOTTOM OF THE 1ST
Philadelphia Phillies batting - Pitching for New York Mets : LHP Felipe Leal
Pitching: LHP Felipe Leal
Batting: RHB Atas Sekayi 0-0: Foul Ball, location: 9LDF
0-1: Ball
1-1: Foul Ball, location: 25F
1-2: Ball
2-2: Fly out, F8 (Flyball, 8RM, EV 81.3 MPH)
Batting: RHB Armando Gracía 0-0: Foul Ball, location: 25F
0-1: Called Strike
0-2: Strikes out swinging
Batting: RHB Bill McBryde 0-0: Ball
1-0: Ball
2-0: Ball
3-0: Called Strike
3-1: Called Strike
3-2: SINGLE (Groundball, 3D, EV 100.0 MPH)
Batting: RHB Ezra Schneider 0-0: Ball
1-0: Called Strike
1-1: Called Strike
1-2: Ball
2-2: Ball
3-2: Fly out, F4 (Popup, 4D, EV 56.9 MPH)
Bottom of the 1st over - 0 runs, 1 hit, 0 errors, 1 left on base; New York 0 - Philadelphia 0
TOP OF THE 2ND
New York Mets batting - Pitching for Philadelphia Phillies : RHP Howard Titcomb
Pitching: RHP An-yan Hoong
Batting: RHB Yoriyuki Iwata 0-0: Foul Ball, location: 25F
0-1: SINGLE (Groundball, 34D, EV 93.8 MPH)
Batting: LHB Pablo Sánchez 0-0: Grounds into double play, 5-6-3 (Groundball, 6, EV 100.0 MPH)
Batting: RHB Jack McConnell 0-0: Called Strike
0-1: Ball
1-1: Foul Ball, location: 2F
1-2: Fly out, F7 (Flyball, 7, EV 91.3 MPH)
Top of the 2nd over - 0 runs, 1 hit, 0 errors, 0 left on base; New York 0 - Philadelphia 0
BOTTOM OF THE 2ND
Philadelphia Phillies batting - Pitching for New York Mets : LHP Felipe Leal
Batting: RHB Jesús Martínez 0-0: Ball
1-0: Ball
2-0: Ball
3-0: Called Strike
3-1: Called Strike
3-2: Foul Ball, location: 7LMF
3-2: Strikes out looking
Batting: RHB Anthony Mills 0-0: Ball
1-0: SINGLE (Line Drive, 4D, EV 94.4 MPH)
Batting: RHB David Paige 0-0: Ball
1-0: Ball
2-0: Foul Ball, location: 2F
2-1: Fielders Choice at 2nd, 6-4 (Groundball, 6, EV 81.3 MPH)
Batting: RHB Vincente López 0-0: SINGLE (Groundball, 34, EV 103.8 MPH) (infield hit)
David Paige to second
Batting: LHB Iván Ruíz 0-0: Ball
1-0: Fly out, F5 (Popup, 25F, EV 87.5 MPH)
Bottom of the 2nd over - 0 runs, 2 hits, 0 errors, 2 left on base; New York 0 - Philadelphia 0
TOP OF THE 3RD
New York Mets batting - Pitching for Philadelphia Phillies : RHP An-yan Hoong
Batting: RHB Jerome Morales 0-0: Foul Ball, location: 3FF
0-1: Swinging Strike
0-2: Ball
1-2: Foul Ball, location: 2F
1-2: Ball
2-2: Strikes out looking
Batting: RHB José Ramírez 0-0: Called Strike
0-1: Swinging Strike
0-2: Ball
1-2: Foul Ball, location: 2LF
1-2: SINGLE (Line Drive, 8RS, EV 95.6 MPH)
Batting: RHB David López 0-0: Called Strike
José Ramírez steals 2nd base
0-1: Ball
1-1: Ball
2-1: Foul Ball, location: 9LSF
2-2: Foul Ball, location: 23F
2-2: Ground out 4-3 (Groundball, 4, EV 110.6 MPH)
José Ramírez to third
Batting: LHB Gustavo Costello 0-0: Called Strike
0-1: Swinging Strike
0-2: Foul Ball, location: 2F
0-2: Ball
1-2: Foul Ball, location: 2F
1-2: Ball
2-2: SINGLE (Line Drive, 8RS, EV 105.6 MPH)
José Ramírez scores
Batting: RHB Rich Stairs 0-0: Ball
1-0: Ball
2-0: Ball
3-0: Called Strike
3-1: Foul Ball, location: 9LDF
3-2: SINGLE (Line Drive, 4D, EV 95.0 MPH)
Gustavo Costello to second
Gustavo Costello to third
Batting: LHB Bob Mack 0-0: Ball
1-0: Ball
2-0: Ball
3-0: Base on Balls
Rich Stairs to second
Batting: RHB Yoriyuki Iwata 0-0: Called Strike
0-1: Called Strike
0-2: Ball
1-2: Fielders Choice at 2nd, 5-4 (Groundball, 56, EV 83.8 MPH)
Top of the 3rd over - 1 run, 3 hits, 0 errors, 3 left on base; New York 1 - Philadelphia 0
BOTTOM OF THE 3RD
Philadelphia Phillies batting - Pitching for New York Mets : LHP Felipe Leal
Batting: RHB Atas Sekayi 0-0: Ball
1-0: Fly out, F6 (Popup, 6, EV 63.1 MPH)
Batting: RHB Armando Gracía 0-0: Ball
1-0: Ball
2-0: Foul Ball, location: 5F
2-1: Ball
3-1: SINGLE (Groundball, 56S, EV 73.1 MPH) (infield hit)
Batting: RHB Bill McBryde 0-0: Called Strike
0-1: Ball
1-1: Ball
2-1: Ball
3-1: Swinging Strike
3-2: Fly out, F7 (Line Drive, 7D, EV 90.6 MPH)
Batting: RHB Ezra Schneider 0-0: Fly out, F4 (Popup, 34D, EV 50.6 MPH)
Bottom of the 3rd over - 0 runs, 1 hit, 0 errors, 1 left on base; New York 1 - Philadelphia 0
TOP OF THE 4TH
New York Mets batting - Pitching for Philadelphia Phillies : RHP An-yan Hoong
Batting: LHB Pablo Sánchez 0-0: Ground out 6-3 (Groundball, 4, EV 103.1 MPH)
Batting: RHB Jack McConnell 0-0: Fly out, F9 (Flyball, 9, EV 96.9 MPH)
Batting: RHB Jerome Morales 0-0: Called Strike
0-1: Foul Ball, location: 5FF
0-2: Foul Ball, location: 5SF
0-2: Strikes out swinging
Top of the 4th over - 0 runs, 0 hits, 0 errors, 0 left on base; New York 1 - Philadelphia 0
BOTTOM OF THE 4TH
Philadelphia Phillies batting - Pitching for New York Mets : LHP Felipe Leal
Batting: RHB Jesús Martínez 0-0: Ball
1-0: SOLO HOME RUN (Flyball, 7D, EV 96.3 MPH), Distance : 375 ft
Batting: RHB Anthony Mills 0-0: Ball
1-0: Called Strike
1-1: Swinging Strike
1-2: Ball
2-2: Foul Ball, location: 7LMFF
2-2: Strikes out looking
Batting: RHB David Paige 0-0: Ball
1-0: Ball
2-0: Called Strike
2-1: Ball
3-1: SOLO HOME RUN (Line Drive, 9LD, EV 97.5 MPH), Distance : 369 ft
Batting: RHB Vincente López 0-0: Ball
1-0: Ball
2-0: Called Strike
2-1: Fly out, F7 (Line Drive, 7S, EV 103.8 MPH)
Batting: LHB Iván Ruíz 0-0: Ball
1-0: Ball
2-0: Called Strike
2-1: Foul Ball, location: 2F
2-2: Ball
3-2: Foul Ball, location: 5FF
3-2: Foul Ball, location: 5FF
3-2: Ground out 3-1 (Groundball, 34, EV 87.5 MPH)
Bottom of the 4th over - 2 runs, 2 hits, 0 errors, 0 left on base; New York 1 - Philadelphia 2
TOP OF THE 5TH
New York Mets batting - Pitching for Philadelphia Phillies : RHP An-yan Hoong
Now at 1B: Raúl Hernández
Batting: RHB José Ramírez 0-0: Ball
1-0: SINGLE (Groundball, 34D, EV 103.1 MPH)
Pinch Hitting: RHB Gerald McCoy 0-0: Fly out, F7 (Line Drive, 7S, EV 87.5 MPH)
Pinch Hitting: SHB Tsuneari Yamaguchi 0-0: Ball
1-0: Foul Ball, location: 23F
1-1: Swinging Strike
1-2: Foul Ball, location: 3F
1-2: Foul Ball, location: 5SF
1-2: Ball
2-2: Fly out, F5 (Popup, 56, EV 73.1 MPH)
Batting: RHB Rich Stairs 0-0: Foul Ball, location: 3SF
0-1: Ball
1-1: Fly out, F7 (Flyball, 7, EV 80.0 MPH)
Top of the 5th over - 0 runs, 1 hit, 0 errors, 1 left on base; New York 1 - Philadelphia 2
BOTTOM OF THE 5TH
Philadelphia Phillies batting - Pitching for New York Mets : LHP Felipe Leal
Pitching: RHP Steve Swift
Now at 1B: Eric Figgitt
Now in CF: Tsuneari Yamaguchi
Pinch Hitting: RHB Kei Goto 0-0: Ball
1-0: Fly out, F8 (Flyball, 8RD, EV 111.3 MPH)
Pinch Hitting: RHB Joe Bayer 0-0: Fly out, F8 (Flyball, 8LXD, EV 100.0 MPH)
Batting: RHB Bill McBryde 0-0: Called Strike
0-1: Foul Ball, location: 2F
0-2: SINGLE (Line Drive, 7S, EV 99.4 MPH)
Batting: LHB Raúl Hernández 0-0: Ball
1-0: Called Strike
1-1: Ball
2-1: Foul Ball, location: 2F
2-2: Strikes out swinging
Bottom of the 5th over - 0 runs, 1 hit, 0 errors, 1 left on base; New York 1 - Philadelphia 2
TOP OF THE 6TH
New York Mets batting - Pitching for Philadelphia Phillies : RHP An-yan Hoong
Now at 2B: Kei Goto
Now in RF: Joe Bayer
Batting: LHB Bob Mack 0-0: Ball
1-0: Ground out 4-3 (Groundball, 4, EV 81.3 MPH)
Batting: RHB Yoriyuki Iwata 0-0: Called Strike
0-1: Swinging Strike
0-2: Hit by Pitch
Batting: LHB Pablo Sánchez 0-0: Called Strike
0-1: Called Strike
0-2: Strikes out swinging
Batting: RHB Jack McConnell 0-0: Called Strike
0-1: Fly out, F9 (Line Drive, 89M, EV 84.4 MPH)
Top of the 6th over - 0 runs, 0 hits, 0 errors, 1 left on base; New York 1 - Philadelphia 2
BOTTOM OF THE 6TH
Philadelphia Phillies batting - Pitching for New York Mets : RHP Steve Swift
Pitching: RHP Tristan Donovan
Now at C: Howard Williams
Batting: LHB Kenny Trean 0-0: Foul Ball, location: 5F
0-1: Called Strike
0-2: Ball
1-2: Fly out, F8 (Line Drive, 8LD, EV 91.3 MPH)
Batting: RHB Anthony Mills 0-0: Ball
1-0: Ball
2-0: Called Strike
2-1: Foul Ball, location: 25F
2-2: Foul Ball, location: 25F
2-2: Foul Ball, location: 7LDF
2-2: Ball
3-2: Foul Ball, location: 2F
3-2: Strikes out swinging
Pinch Hitting: LHB Alonso Castillo 0-0: Ball
1-0: Foul Ball, location: 3F
1-1: Ball
2-1: Ball
3-1: Foul Ball, location: 7LDF
3-2: Foul Ball, location: 9LSF
3-2: Foul Ball, location: 25F
3-2: Ground out 5-3 (Groundball, 56, EV 76.3 MPH)
Bottom of the 6th over - 0 runs, 0 hits, 0 errors, 0 left on base; New York 1 - Philadelphia 2
TOP OF THE 7TH
New York Mets batting - Pitching for Philadelphia Phillies : RHP An-yan Hoong
Pitching: RHP Fernando Núñez
Now in LF: Alonso Castillo
Now in CF: Iván Ruíz
Batting: RHB Howard Williams 0-0: Swinging Strike
0-1: Called Strike
0-2: Ball
1-2: Fly out, F8 (Line Drive, 8RM, EV 93.1 MPH)
Batting: RHB José Ramírez 0-0: Called Strike
0-1: Fly out, F9 (Flyball, 9S, EV 85.0 MPH)
Batting: RHB Eric Figgitt 0-0: Called Strike
0-1: Ground out 5-3 (Groundball, 5S, EV 88.1 MPH)
Top of the 7th over - 0 runs, 0 hits, 0 errors, 0 left on base; New York 1 - Philadelphia 2
BOTTOM OF THE 7TH
Philadelphia Phillies batting - Pitching for New York Mets : RHP Tristan Donovan
Pitching: LHP Chris Cooley
Batting: RHB Vincente López 0-0: Ball
1-0: Ball
2-0: Ball
3-0: Base on Balls
Pinch Hitting: LHB Eugene Kline 0-0: SINGLE (Groundball, 34D, EV 96.9 MPH)
Vincente López to second
Runner from 2nd tries for 3rd, SAFE, no throw by RF
Batting: RHB Kei Goto 0-0: Called Strike
0-1: Ball
1-1: Foul Ball, location: 2F
1-2: SINGLE (Popup, 4MD, EV 66.9 MPH)
Vincente López scores
Eugene Kline to second
Batting: RHB Joe Bayer 0-0: Fielders Choice at 2nd, 6-4 (Groundball, 6, EV 88.1 MPH)
Eugene Kline to third
Batting: RHB Bill McBryde 0-0: Ground out U3 (Groundball, 3S, EV 63.1 MPH)
Eugene Kline scores
Joe Bayer to second
Batting: LHB Raúl Hernández 0-0: Foul Ball, location: 5SF
0-1: Ground out 1-3 (Groundball, 15S, EV 65.6 MPH)
Bottom of the 7th over - 2 runs, 2 hits, 0 errors, 1 left on base; New York 1 - Philadelphia 4
TOP OF THE 8TH
New York Mets batting - Pitching for Philadelphia Phillies : RHP Fernando Núñez
Now in CF: Joe Bayer
Now in RF: Eugene Kline
Batting: SHB Tsuneari Yamaguchi 0-0: Ball
1-0: Ball
2-0: Ball
3-0: Called Strike
3-1: Called Strike
3-2: Fly out, F8 (Flyball, 78M, EV 88.8 MPH)
Batting: RHB Rich Stairs 0-0: Ball
1-0: Called Strike
1-1: Swinging Strike
1-2: Foul Ball, location: 9LSF
1-2: Fly out, F8 (Flyball, 8RD, EV 78.1 MPH)
Batting: LHB Bob Mack 0-0: Called Strike
0-1: Fly out, F3 (Line Drive, 3L, EV 69.4 MPH)
Top of the 8th over - 0 runs, 0 hits, 0 errors, 0 left on base; New York 1 - Philadelphia 4
BOTTOM OF THE 8TH
Philadelphia Phillies batting - Pitching for New York Mets : LHP Chris Cooley
Pitching: RHP Keith McCain
Batting: LHB Kenny Trean 0-0: Foul Ball, location: 25F
0-1: Called Strike
0-2: Strikes out swinging
Batting: RHB Anthony Mills 0-0: Ball
1-0: SINGLE (Flyball, 3D, EV 93.1 MPH)
Batting: LHB Alonso Castillo 0-0: Ball
1-0: Ball
2-0: Called Strike
2-1: Fielders Choice at 2nd, 3-6 (Groundball, 3, EV 82.5 MPH)
Batting: RHB Vincente López 0-0: Swinging Strike
0-1: Foul Ball, location: 7LSF
0-2: Ball
1-2: Strikes out swinging
Bottom of the 8th over - 0 runs, 1 hit, 0 errors, 1 left on base; New York 1 - Philadelphia 4
TOP OF THE 9TH
New York Mets batting - Pitching for Philadelphia Phillies : RHP Fernando Núñez
Pitching: RHP Nacho Hernández
Batting: RHB Yoriyuki Iwata 0-0: Called Strike
0-1: Ball
1-1: SINGLE (Line Drive, 78S, EV 91.3 MPH)
Batting: LHB Pablo Sánchez 0-0: Ball
1-0: Called Strike
1-1: Called Strike
1-2: Foul Ball, location: 23FF
1-2: Strikes out swinging
Batting: RHB Jack McConnell 0-0: Swinging Strike
0-1: Ball
1-1: Fly out, F9 (Flyball, 9, EV 79.4 MPH)
Batting: RHB Howard Williams 0-0: Called Strike
0-1: Swinging Strike
0-2: Ball
1-2: Fielders Choice at 2nd, 5-4 (Groundball, 5, EV 89.4 MPH)
Top of the 9th over - 0 runs, 1 hit, 0 errors, 1 left on base; New York 1 - Philadelphia 4
Monday, April 1st , 2024 - OOTP Baseball 24.10 Build 82